 Dungeon Crawl Stone Soup version 0.30-a0-782-ge64f9170bb (webtiles) character file.

Game seed: 12651459636200015533

70 Dirtsage the Chopper (level 4, 0/39 HPs)
             Began as a Minotaur Fighter on Feb 20, 2023.
             Slain by Grinder (1 damage)
             ... on level 3 of the Dungeon.
             The game lasted 00:02:27 (1500 turns).

Dirtsage the Chopper (Minotaur Fighter)             Turns: 1500, Time: 00:02:28

Health: 0/39       AC:  8    Str: 23    XL:     4   Next: 4%
Magic:  3/3        EV:  9    Int:  5    God:
Gold:   165        SH:  4    Dex: 11    Spells: 3/3 levels left

rFire   . . .      SeeInvis .    o - +3 flail of the Real Monster {holy, rC+ Dex+2}
rCold   + . .      Faith    .    c - +0 buckler
rNeg    . . .      Spirit   .    b - +0 scale mail
rPois   .          Reflect  .    (helmet restricted)
rElec   .          Harm     .    (no cloak)
rCorr   .          Rampage  .    (no gloves)
Will    .....                    q - +0 pair of boots {Fly} Stlth
                                 (no amulet)
HPRegen 0.26/turn                (no ring)
MPRegen 0.08/turn                (no ring)

@: mighty, flying
A: horns 2, retaliatory headbutt
a: no special abilities


You were on level 3 of the Dungeon.
You visited 1 branch of the dungeon, and saw 3 of its levels.

You collected 165 gold pieces.

Inventory:

Hand Weapons
 a - a +0 war axe
 o - the +3 flail of the Real Monster (weapon) {holy, rC+ Dex+2}
   (You found it on level 2 of the Dungeon)

   Dex:       It affects your dexterity (+2).
   rC:        It protects you from cold.
Missiles
 p - a throwing net (quivered)
Armour
 b - a +0 scale mail (worn)
 c - a +0 buckler (worn)
 q - a +0 pair of boots of flying (worn)
Scrolls
 f - 2 scrolls of fog {unknown}
 g - a scroll of enchant weapon {unknown}
 h - 4 scrolls of identify {unknown}
 i - a scroll of magic mapping {unknown}
 l - a scroll of blinking {unknown}
 n - a scroll of silence {unknown}
Potions
 e - a potion of invisibility {unknown}
 j - a potion of mutation {unknown}
 k - a potion of brilliance {unknown}
 m - a potion of flight {unknown}


   Skills:
 - Level 3.6 Fighting
 + Level 5.3 Axes
 - Level 3.6 Armour
 - Level 3.6 Shields


You had 3 spell levels left.
You didn't know any spells.
Your spell library contained the following spells:

 Spells                   Type           Power      Damage    Failure   Level
 Summon Small Mammal      Summ           0%         N/A       86%         1
 Call Canine Familiar     Summ           0%         N/A       99%         3
 Summon Guardian Golem    Hex/Summ       0%         N/A       99%         3


Dungeon Overview and Level Annotations

Branches:
Dungeon (3/15)

Altars:

Annotations:
D:3 Grinder


Innate Abilities, Weirdness & Mutations

You have a pair of horns on your head.
You reflexively headbutt those who attack you in melee.


Message History

Grinder shouts!
Grinder gestures at you.
You suddenly lose the ability to move!
You can move again.
Okay, then.
Press: ? - help, v - describe, . - travel
Here: Grinder The floor.
You feel agile.
The +3 flail of the Real Monster {holy, rC+ Dex+2} softly glows with a divine radiance!
o - the +3 flail of the Real Monster (weapon)
{holy, rC+ Dex+2} Grinder gestures at you.
Pain shoots through your body!
You take 5 damage, and have 34/39 hp.
Grinder barely misses you.
You barely miss Grinder. Your headbutt misses Grinder. Grinder hits you.
You writhe in agony.
Grinder hits you.
You writhe in agony.
You take 8 damage, and have 26/39 hp.
MASSIVE DAMAGE!!
You barely miss Grinder. Grinder gestures at you.
Pain shoots through your body!
You take 14 damage, and have 12/39 hp.
MASSIVE DAMAGE!!
You feel very mighty all of a sudden. Grinder hits you.
* * * LOW HITPOINT WARNING * * *
You writhe in agony.
* * * LOW HITPOINT WARNING * * *
You take 7 damage, and have 5/39 hp.
You hit Grinder.
Grinder convulses.
You headbutt Grinder!
Grinder is severely wounded.
Grinder hits you but does no damage.
You closely miss Grinder.
Grinder is severely wounded.
Grinder hits you but does no damage. Grinder hits you.
* * * LOW HITPOINT WARNING * * *
You take 4 damage, and have 1/39 hp.
You closely miss Grinder. Your headbutt misses Grinder.
Grinder is severely wounded.
Grinder hits you.
You die...

#########+#####.###
#..........@5......
######.................#
.....................###
.....................+
.....................#
.....................#
.......................
....##.................
...................


You could see Grinder.

Vanquished Creatures
  2 adders (D:2)
  A gnoll (D:1)
  A worm (D:2)
  5 endoplasms
  4 goblins
  2 hobgoblins (D:1)
  2 jackals (D:2)
  2 quokkas
  4 ball pythons
  5 bats
  2 frilled lizards
  2 kobolds (D:2)
  6 rats
38 creatures vanquished.

Notes
Turn   | Place    | Note
-------+----------+-------------------------------------------
     0 | D:1      | Dirtsage the Minotaur Fighter began the quest for the Orb.
     0 | D:1      | Reached XP level 1. HP: 19/19 MP: 0/0
    17 | D:1      | Reached skill level 3 in Axes
    17 | D:1      | Reached XP level 2. HP: 8/26 MP: 1/1
   399 | D:1      | Reached skill level 4 in Axes
   606 | D:2      | You fall into a shaft and drop 1 floor!
   650 | D:2      | Reached XP level 3. HP: 20/31 MP: 2/2
   913 | D:2      | Identified the +3 flail of the Real Monster {holy, rC+
                  | Dex+2}
  1017 | D:2      | Reached skill level 5 in Axes
  1460 | D:3      | Reached XP level 4. HP: 39/39 MP: 3/3
  1488 | D:3      | Noticed Grinder
  1488 | D:3      | Paralysed by Grinder for 3 turns
  1499 | D:3      | HP: 1/39 [Grinder (5)]
  1500 | D:3      | Slain by Grinder

Illustrated notes

Levels and vault maps discovered:
D:1:      dpeg_arrival_arbitrary_b, layout_basic, kennysheep_pointless_box
D:2:      layout_basic
D:3:      layout_basic, wad_rectangle_vault, uniq_grinder

Skill      XL: |  1  2  3 |
---------------+----------+-----
Axes           | 3 4 5 |  5.3
Fighting       | |  3.6
Armour         | |  3.6
Shields        | |  3.6

Action                     |  1- 3 |  4- 6 || total
---------------------------+-------+-------++-------
  Melee: War axe           |    72 |     1 ||    73
         Headbutt          |     5 |     1 ||     6
         Flail             |       |     5 ||     5
    Use: Potion            |       |     1 ||     1
 Armour: Scale mail        |    29 |     2 ||    31
  Dodge: Dodged            |    44 |     1 ||    45
  Block: Buckler           |    16 |       ||    16

Table legend: (Time is in decaauts)
 A = Elapsed time spent in this place.
 B = Non-inter-level travel time spent in this place.
 C = Inter-level travel time spent in this place.
 D = Time resting spent in this place.
 E = Time spent auto-exploring this place.
 F = Levels seen in this place.
 G = Mean time per level.
                   A        B        C        D        E       F      G
               +--------+--------+--------+--------+--------+-----+--------+
         Total |   1523 |   1493 |     30 |      0 |   1257 |   3 |  507.7 |
       Dungeon |   1523 |   1493 |     30 |      0 |   1257 |   3 |  507.7 |
               +--------+--------+--------+--------+--------+-----+--------+

Top non-repeatable levels by time:
     D:2: 743 daAuts
     D:1: 616 daAuts
     D:3: 163 daAuts
